| TOP OF THE 1ST |
|
San Diego Padres batting - Pitching for St. Louis Cardinals : RHP Tom Candiotti
|
|
Pitching: RHP Tom Candiotti
|
|
|
Batting: RHB Bob Dernier
|
0-0: Ball 1-0: Ball 2-0: Swinging Strike 2-1: Bunted foul 2-2: Foul Ball, location: 2F 2-2: Foul Ball, location: 2F 2-2: Ball 3-2: Ground out 4-3 (Groundball, 4, EV 90.0 MPH)
|
|
Batting: LHB Jerry McDonald
|
0-0: Called Strike 0-1: Called Strike 0-2: Foul Ball, location: 2F 0-2: Ball 1-2: Ground out 6-3 (Groundball, 6, EV 83.1 MPH)
|
|
Batting: LHB Tom Dunbar
|
0-0: SINGLE (Line Drive, 78S, EV 91.3 MPH)
|
|
Batting: RHB Dennis Dungy
|
0-0: Ball Tom Dunbar steals 2nd, throwing error, E2 Tom Dunbar to third 1-0: SINGLE (Flyball, 4D, EV 90.0 MPH) Tom Dunbar scores
|
|
Batting: LHB Darrell Porter
|
0-0: Ball 1-0: Called Strike 1-1: Ball 2-1: Ball 3-1: Fly out, F6 (Flyball, 6D, EV 91.9 MPH)
|
| Top of the 1st over - 1 run, 2 hits, 1 error, 1 left on base; San Diego 1 - St. Louis 0 |
| BOTTOM OF THE 1ST |
|
St. Louis Cardinals batting - Pitching for San Diego Padres : RHP Raymond Prince
|
|
Pitching: RHP Raymond Prince
|
|
|
Batting: SHB Otis Nixon
|
0-0: Called Strike 0-1: Foul Ball, location: 2F 0-2: Strikes out swinging
|
|
Batting: LHB Jim Gantner
|
0-0: Swinging Strike 0-1: Foul Ball, location: 2F 0-2: Fly out, F8 (Flyball, 8LM, EV 85.6 MPH)
|
|
Batting: RHB Sixto Lezcano
|
0-0: Called Strike 0-1: Ball 1-1: Reached on error, E6 (Groundball, 6S, EV 66.3 MPH)
|
|
Batting: LHB Pat Putnam
|
0-0: Ball Sixto Lezcano steals 2nd base 1-0: Ball 2-0: 2-RUN HOME RUN (Flyball, 9D, EV 90.6 MPH), Distance : 366 ft
|
|
Batting: RHB Bob Watson
|
0-0: Ball 1-0: Called Strike 1-1: Ground out U3 (Groundball, 3L, EV 89.4 MPH)
|
| Bottom of the 1st over - 2 runs, 1 hit, 1 error, 0 left on base; San Diego 1 - St. Louis 2 |
| TOP OF THE 2ND |
|
San Diego Padres batting - Pitching for St. Louis Cardinals : RHP Tom Candiotti
|
|
Batting: LHB Chris Chambliss
|
0-0: Fly out, F7 (Flyball, 7S, EV 90.6 MPH)
|
|
Batting: RHB Mike Calise
|
0-0: Ball 1-0: Ball 2-0: Swinging Strike 2-1: Fly out, F8 (Flyball, 8LS, EV 95.0 MPH)
|
|
Batting: LHB Jeffrey Zitek
|
0-0: Ball 1-0: Ball 2-0: Ball 3-0: Called Strike 3-1: Called Strike 3-2: Foul Ball, location: 2F 3-2: Ground out 5-3 (Groundball, 56S, EV 82.5 MPH)
|
| Top of the 2nd over - 0 runs, 0 hits, 0 errors, 0 left on base; San Diego 1 - St. Louis 2 |
| BOTTOM OF THE 2ND |
|
St. Louis Cardinals batting - Pitching for San Diego Padres : RHP Raymond Prince
|
|
Batting: LHB Mike Davis
|
0-0: Foul Ball, location: 2F 0-1: Fly out, F7 (Flyball, 78D, EV 76.9 MPH)
|
|
Batting: RHB Joe Torre
|
0-0: Ball 1-0: Called Strike 1-1: Fly out, F8 (Flyball, 89M, EV 90.0 MPH)
|
|
Batting: SHB Billy E Smith
|
0-0: Ball 1-0: Foul Ball, location: 2F 1-1: Ball 2-1: Fly out, F8 (Flyball, 8LD, EV 91.9 MPH)
|
| Bottom of the 2nd over - 0 runs, 0 hits, 0 errors, 0 left on base; San Diego 1 - St. Louis 2 |
| TOP OF THE 3RD |
|
San Diego Padres batting - Pitching for St. Louis Cardinals : RHP Tom Candiotti
|
|
Batting: RHB Raymond Prince
|
0-0: Swinging Strike 0-1: Swinging Strike 0-2: Strikes out swinging
|
|
Batting: RHB Bob Dernier
|
0-0: Swinging Strike 0-1: SINGLE (Line Drive, 4D, EV 94.4 MPH)
|
|
Batting: LHB Jerry McDonald
|
0-0: Ball 1-0: Ball 2-0: Foul Ball, location: 2F 2-1: Fly out, F8 (Flyball, 78D, EV 98.8 MPH)
|
|
Batting: LHB Tom Dunbar
|
0-0: Ball 1-0: Fly out, F8 (Flyball, 89D, EV 94.4 MPH)
|
| Top of the 3rd over - 0 runs, 1 hit, 0 errors, 1 left on base; San Diego 1 - St. Louis 2 |
| BOTTOM OF THE 3RD |
|
St. Louis Cardinals batting - Pitching for San Diego Padres : RHP Raymond Prince
|
|
Batting: RHB Tom Candiotti
|
0-0: Ball 1-0: Called Strike 1-1: Foul Ball, location: 2F 1-2: Strikes out swinging
|
|
Batting: SHB Otis Nixon
|
0-0: SINGLE (Line Drive, 9LM, EV 103.1 MPH)
|
|
Batting: LHB Jim Gantner
|
0-0: Ball 1-0: Foul Ball, location: 2F 1-1: Called Strike Otis Nixon steals 2nd base 1-2: Ball 2-2: Foul Ball, location: 2F 2-2: Ball 3-2: Fly out, F9 (Flyball, 9S, EV 90.0 MPH)
|
|
Batting: RHB Sixto Lezcano
|
0-0: Foul Ball, location: 2F 0-1: Swinging Strike 0-2: Foul Ball, location: 2F 0-2: Ball 1-2: Ground out 5-3 (Groundball, 56, EV 98.8 MPH)
|
| Bottom of the 3rd over - 0 runs, 1 hit, 0 errors, 1 left on base; San Diego 1 - St. Louis 2 |
| TOP OF THE 4TH |
|
San Diego Padres batting - Pitching for St. Louis Cardinals : RHP Tom Candiotti
|
|
Batting: RHB Dennis Dungy
|
0-0: Ball 1-0: Called Strike 1-1: SOLO HOME RUN (Flyball, 7LD, EV 100.0 MPH), Distance : 363 ft
|
|
Batting: LHB Darrell Porter
|
0-0: Ball 1-0: Foul Ball, location: 2F 1-1: Ball 2-1: Foul Ball, location: 2F 2-2: Ball 3-2: Base on Balls
|
|
Batting: LHB Chris Chambliss
|
0-0: SINGLE (Line Drive, 34D, EV 99.4 MPH) Darrell Porter to second
|
|
Batting: RHB Mike Calise
|
0-0: Swinging Strike 0-1: Fly out, F9 (Flyball, 89S, EV 92.5 MPH)
|
|
Batting: LHB Jeffrey Zitek
|
0-0: Ball 1-0: Ball 2-0: Called Strike 2-1: Fly out, F8 (Flyball, 78XD, EV 94.4 MPH) Runner from 2nd tags up, SAFE at 3rd, no throw by CF
|
|
Batting: RHB Raymond Prince
|
0-0: Ball 1-0: Called Strike 1-1: Ball 2-1: Fly out, F3 (Popup, 3SF, EV 68.1 MPH)
|
| Top of the 4th over - 1 run, 2 hits, 0 errors, 2 left on base; San Diego 2 - St. Louis 2 |
| BOTTOM OF THE 4TH |
|
St. Louis Cardinals batting - Pitching for San Diego Padres : RHP Raymond Prince
|
|
Batting: LHB Pat Putnam
|
0-0: Ball 1-0: Reached on error, E5 (Groundball, 56, EV 98.8 MPH)
|
|
Batting: RHB Bob Watson
|
0-0: Called Strike 0-1: Grounds into double play, 6-4-3 (Groundball, 6, EV 80.6 MPH)
|
|
Batting: LHB Mike Davis
|
0-0: Called Strike 0-1: Foul Ball, location: 2F 0-2: Ball 1-2: Ball 2-2: Foul Ball, location: 2F 2-2: Strikes out swinging
|
| Bottom of the 4th over - 0 runs, 0 hits, 1 error, 0 left on base; San Diego 2 - St. Louis 2 |
| TOP OF THE 5TH |
|
San Diego Padres batting - Pitching for St. Louis Cardinals : RHP Tom Candiotti
|
|
Batting: RHB Bob Dernier
|
0-0: Swinging Strike 0-1: Ball 1-1: Ball 2-1: Swinging Strike 2-2: Foul Ball, location: 2F 2-2: Fly out, F9 (Line Drive, 9, EV 96.9 MPH)
|
|
Batting: LHB Jerry McDonald
|
0-0: Swinging Strike 0-1: Called Strike 0-2: Ball 1-2: Ball 2-2: Ball 3-2: Foul Ball, location: 2F 3-2: Foul Ball, location: 2F 3-2: Base on Balls
|
|
Batting: LHB Tom Dunbar
|
0-0: Ball 1-0: Ball 2-0: Ball 3-0: Called Strike 3-1: SINGLE (Groundball, 6MD, EV 95.6 MPH) Jerry McDonald to second Runner from 2nd tries for 3rd, SAFE, no throw by CF
|
|
Batting: RHB Dennis Dungy
|
0-0: Foul Ball, location: 2F 0-1: Ball 1-1: Ball 2-1: Foul Ball, location: 2F 2-2: Strikes out swinging
|
|
Batting: LHB Darrell Porter
|
0-0: Ground out 4-3 (Groundball, 4, EV 108.1 MPH)
|
| Top of the 5th over - 0 runs, 1 hit, 0 errors, 2 left on base; San Diego 2 - St. Louis 2 |
| BOTTOM OF THE 5TH |
|
St. Louis Cardinals batting - Pitching for San Diego Padres : RHP Raymond Prince
|
|
Batting: RHB Joe Torre
|
0-0: Swinging Strike 0-1: Hit by Pitch
|
|
Batting: SHB Billy E Smith
|
0-0: Called Strike 0-1: Foul Ball, location: 2F 0-2: Foul Ball, location: 2F 0-2: Strikes out swinging
|
|
Batting: RHB Tom Candiotti
|
0-0: Sac Bunt to 25 - play at second, runner OUT! 5-6
|
|
Batting: SHB Otis Nixon
|
0-0: Called Strike 0-1: Ball 1-1: Ball 2-1: Ground out 4-3 (Groundball, 4, EV 106.3 MPH)
|
| Bottom of the 5th over - 0 runs, 0 hits, 0 errors, 1 left on base; San Diego 2 - St. Louis 2 |
| TOP OF THE 6TH |
|
San Diego Padres batting - Pitching for St. Louis Cardinals : RHP Tom Candiotti
|
|
Batting: LHB Chris Chambliss
|
0-0: Foul Ball, location: 2F 0-1: Fly out, F8 (Flyball, 78D, EV 110.0 MPH)
|
|
Batting: RHB Mike Calise
|
0-0: Foul Ball, location: 2F 0-1: Swinging Strike 0-2: Ball 1-2: Foul Ball, location: 2F 1-2: Ball 2-2: Strikes out swinging
|
|
Batting: LHB Jeffrey Zitek
|
0-0: Ball 1-0: Ball 2-0: Foul Ball, location: 2F 2-1: Swinging Strike 2-2: Ball 3-2: Foul Ball, location: 2F 3-2: Foul Ball, location: 2F 3-2: SOLO HOME RUN (Flyball, 89XD, EV 106.3 MPH), Distance : 402 ft
|
|
Batting: RHB Raymond Prince
|
0-0: Called Strike 0-1: Ground out 6-3 (Groundball, 6S, EV 86.9 MPH)
|
| Top of the 6th over - 1 run, 1 hit, 0 errors, 0 left on base; San Diego 3 - St. Louis 2 |
| BOTTOM OF THE 6TH |
|
St. Louis Cardinals batting - Pitching for San Diego Padres : RHP Raymond Prince
|
|
Batting: LHB Jim Gantner
|
0-0: Ball 1-0: Ball 2-0: Ball 3-0: Base on Balls
|
|
Batting: RHB Sixto Lezcano
|
0-0: Ball 1-0: Called Strike 1-1: Fly out, F8 (Flyball, 8LM, EV 86.3 MPH)
|
|
Batting: LHB Pat Putnam
|
0-0: Foul Ball, location: 2F 0-1: Ball 1-1: Ball 2-1: Foul Ball, location: 2F 2-2: Strikes out looking
|
|
Batting: RHB Bob Watson
|
0-0: Called Strike 0-1: Ball 1-1: Called Strike 1-2: SINGLE (Line Drive, 7S, EV 99.4 MPH) Jim Gantner to second Jim Gantner to third
|
|
Batting: LHB Mike Davis
|
0-0: Ball 1-0: Ball 2-0: Ball 3-0: Called Strike 3-1: Base on Balls Bob Watson to second
|
|
Batting: RHB Joe Torre
|
0-0: Ball 1-0: Ball 2-0: Fielders Choice at 2nd, 6-4 (Groundball, 6, EV 82.5 MPH)
|
| Bottom of the 6th over - 0 runs, 1 hit, 0 errors, 3 left on base; San Diego 3 - St. Louis 2 |
| TOP OF THE 7TH |
|
San Diego Padres batting - Pitching for St. Louis Cardinals : RHP Tom Candiotti
|
|
Pitching: LHP Jeff Little
|
|
|
Batting: RHB Bob Dernier
|
0-0: Foul Ball, location: 2F 0-1: Ball 1-1: Ball 2-1: Ball 3-1: Ground out 6-3 (Groundball, 6, EV 115.0 MPH)
|
|
Batting: LHB Jerry McDonald
|
0-0: Ball 1-0: Called Strike 1-1: Foul Ball, location: 2F 1-2: Strikes out looking
|
|
Batting: LHB Tom Dunbar
|
0-0: Ball 1-0: Foul Ball, location: 2F 1-1: SINGLE (Groundball, 34D, EV 101.9 MPH)
|
|
Batting: RHB Dennis Dungy
|
0-0: Called Strike Tom Dunbar steals 2nd, throwing error, E2 Tom Dunbar to third 0-1: Foul Ball, location: 2F 0-2: Foul Ball, location: 2F 0-2: Ball 1-2: Foul Ball, location: 2F 1-2: Strikes out swinging
|
| Top of the 7th over - 0 runs, 1 hit, 1 error, 1 left on base; San Diego 3 - St. Louis 2 |
| BOTTOM OF THE 7TH |
|
St. Louis Cardinals batting - Pitching for San Diego Padres : RHP Raymond Prince
|
|
Now in RF: Kelvin Moore
|
|
|
Batting: SHB Billy E Smith
|
0-0: Ball 1-0: SOLO HOME RUN (Line Drive, 9LD, EV 99.4 MPH), Distance : 362 ft
|
|
Pinch Hitting: RHB Pascual D'Annunzio
|
0-0: Ball 1-0: Called Strike 1-1: Ball 2-1: Swinging Strike 2-2: Foul Ball, location: 2F 2-2: Ball 3-2: Fly out, F4 (Line Drive, 4, EV 73.8 MPH)
|
|
Batting: SHB Otis Nixon
|
0-0: Ball 1-0: Ball 2-0: Fly out, F9 (Line Drive, 9, EV 86.3 MPH)
|
|
Batting: LHB Jim Gantner
|
0-0: Ball 1-0: Ball 2-0: Ball 3-0: Base on Balls
|
|
Batting: RHB Sixto Lezcano
|
0-0: Fly out, F9 (Flyball, 9, EV 89.4 MPH)
|
| Bottom of the 7th over - 1 run, 1 hit, 0 errors, 1 left on base; San Diego 3 - St. Louis 3 |
| TOP OF THE 8TH |
|
San Diego Padres batting - Pitching for St. Louis Cardinals : LHP Jeff Little
|
|
Pitching: RHP Larry Andersen
|
|
|
Batting: LHB Darrell Porter
|
0-0: Ball 1-0: Ball 2-0: SINGLE (Groundball, 4M, EV 96.9 MPH) (infield hit)
|
|
Batting: LHB Chris Chambliss
|
0-0: Ball 1-0: Foul Ball, location: 2F 1-1: Fly out, F7 (Line Drive, 7, EV 91.9 MPH)
|
|
Batting: RHB Mike Calise
|
0-0: Called Strike 0-1: Sac Bunt to 2L - play at first, batter OUT! 2-3 Darrell Porter to second
|
|
Batting: LHB Jeffrey Zitek
|
0-0: Called Strike 0-1: Called Strike 0-2: Ball 1-2: Fly out, F8 (Flyball, 89XD, EV 94.4 MPH)
|
| Top of the 8th over - 0 runs, 1 hit, 0 errors, 1 left on base; San Diego 3 - St. Louis 3 |
| BOTTOM OF THE 8TH |
|
St. Louis Cardinals batting - Pitching for San Diego Padres : RHP Raymond Prince
|
|
Batting: LHB Pat Putnam
|
0-0: Ball 1-0: Ground out 6-3 (Groundball, 6, EV 85.0 MPH)
|
|
Batting: RHB Bob Watson
|
0-0: Called Strike 0-1: Fly out, F4 (Popup, 34, EV 58.1 MPH)
|
|
Batting: LHB Mike Davis
|
0-0: SOLO HOME RUN (Flyball, 9D, EV 97.5 MPH), Distance : 385 ft
|
|
Batting: RHB Joe Torre
|
0-0: Called Strike 0-1: Ball 1-1: Fly out, F7 (Flyball, 7D, EV 99.4 MPH)
|
| Bottom of the 8th over - 1 run, 1 hit, 0 errors, 0 left on base; San Diego 3 - St. Louis 4 |
| TOP OF THE 9TH |
|
San Diego Padres batting - Pitching for St. Louis Cardinals : RHP Larry Andersen
|
|
Now at 2B: Steve Lubratich
|
|
|
Now in LF: Mookie Wilson
|
|
|
Pinch Hitting: RHB Tommy Curran
|
0-0: Ball 1-0: Called Strike 1-1: Foul Ball, location: 2F 1-2: Foul Ball, location: 2F 1-2: Ball 2-2: Foul Ball, location: 2F 2-2: Strikes out looking
|
|
Batting: RHB Bob Dernier
|
0-0: Called Strike 0-1: Ball 1-1: Ground out 4-3 (Groundball, 4, EV 78.1 MPH)
|
|
Batting: LHB Jerry McDonald
|
0-0: Ball 1-0: Called Strike 1-1: Foul Ball, location: 2F 1-2: Strikes out swinging
|
| Top of the 9th over - 0 runs, 0 hits, 0 errors, 0 left on base; San Diego 3 - St. Louis 4 |
|